 Dungeon Crawl Stone Soup version 0.25-a0-85-g7617fd2bc2 (webtiles) character file.

Game seed: 4875860534131609546, levelgen mode: deterministic

114 MrRokkomies the Skirmisher (level 4, 0/40 HPs)
             Began as a Ghoul Gladiator on Nov 8, 2019.
             Slain by a gnoll
             ... wielding a +0 halberd
              (4 damage)
             ... on level 3 of the Dungeon.
             The game lasted 00:03:54 (1900 turns).

MrRokkomies the Skirmisher (Ghoul Gladiator)        Turns: 1900, Time: 00:03:55

Health: 0/40       AC:  7    Str: 18    XL:     4   Next: 97%
Magic:  3/3        EV: 12    Int: -2    God:
Gold:   99         SH:  0    Dex: 10    Spells: 3/3 levels left

rFire    . . .     SeeInvis .   a - +1 war axe
rCold    + . .     Gourm    .   (no shield)
rNeg     + + +     Faith    .   b - +0 leather armour
rPois    ∞         Spirit   .   c - +0 helmet
rElec    .         Reflect  .   i - +2 cloak
rCorr    .         Harm     .   (no gloves)
MR       .....                  (no boots)
Stlth    +.........             (no amulet)
HPRegen  0.00/turn              o - -5 ring of intelligence (curse)
MPRegen  0.08/turn              (no ring)

@: very slightly contaminated, rotting, slowed, lost intelligence, very slow
A: rotting body, claws 1, carnivore, cold resistance 1, negative energy
resistance 3, inhibited regeneration, torment resistance, unbreathing
a: no special abilities


You were on level 3 of the Dungeon.
You were not hungry.

You visited 1 branch of the dungeon, and saw 3 of its levels.

You collected 99 gold pieces.

Inventory:

Hand Weapons
 a - a +1 war axe (weapon)
Missiles
 d - 3 throwing nets (quivered)
 g - 51 sling bullets
Armour
 b - a +0 leather armour (worn)
 c - a +0 helmet (worn)
 i - a +2 cloak (worn)
Jewellery
 o - a cursed -5 ring of intelligence (left claw)
Wands
 p - a wand of flame (30)
Scrolls
 e - a scroll of identify
 j - a scroll of teleportation
 k - a scroll of enchant weapon
Potions
 l - 2 potions of curing
 n - a potion of invisibility
Comestibles
 f - 3 rations
 h - 2 chunks of flesh


   Skills:
 * Level 4.1 Fighting
 * Level 4.0 Axes
 - Level 1.7 Throwing
 - Level 2.7 Dodging


You had 3 spell levels left.
You didn't know any spells.
Your spell library contained the following spells:

 Spells                   Type           Power        Failure   Level  Hunger
 Confusing Touch          Hex            #.....       65%         1    ##.....
 Confuse                  Hex            #.......     95%         3    ####...
 Gell's Gravitas          Tloc           #.........   95%         3    ####...
 Petrify                  Tmut/Erth      #.......     100%        4    #####..
 Metabolic Englaciation   Hex/Ice        #.........   100%        5    ######.
 Yara's Violent Unravell  Hex/Tmut       #.........   100%        5    ######.


Dungeon Overview and Level Annotations

Branches:
Dungeon (3/15)

Altars:
Nemelex Xobeh

Annotations:
D:2 1 runed translucent door, Crazy Yiuf


Innate Abilities, Weirdness & Mutations

Your body is rotting away.
You thrive on raw meat.
You are immune to poison.
You have sharp fingernails.
You are carnivorous and can eat meat at any time.
Your flesh is cold resistant. (rC+)
You are immune to negative energy. (rN+++)
You do not regenerate when monsters are visible.
You are immune to unholy pain and torment.
You can survive without breathing.


Message History

You closely miss the gnoll.
The gnoll is severely wounded.
The gnoll barely misses you. x2
You hit the gnoll but do no damage.
The gnoll is severely wounded.
The gnoll closely misses you. The gnoll hits you but does no damage.
You slash the gnoll!
You kill the gnoll!
Your Axes skill increases to level 4!
You flicker for a moment.
You hit the gnoll.
The gnoll is lightly wounded.
The gnoll barely misses you. The gnoll closely misses you.
You slash the gnoll!
The gnoll is almost dead.
You flicker back into view.
The gnoll hits you with a +0 halberd!
* * * LOW HITPOINT WARNING * * *
The gnoll hits you with a +0 halberd.
You die...

#...#.......# #
#####..##[..##..#.#
.........)......#.#
######.####.......#
##'## #####.### ##...##
#.# ##.....## #.######
##.......# #))....#
##.........# #.@.##.#
)[.........+...g........
##.........####......###
##.......## ##..####
##.....## ##.# ##...##
.# #+## .# #.# .# #.#


You could see a gnoll.

Vanquished Creatures
  4 gnolls
  An adder (D:3)
  A dart slug (D:2)
  2 leopard geckos
  6 orcs (D:3)
  2 ball pythons
  A giant cockroach (D:1)
  3 goblins
  5 hobgoblins
  2 jackals (D:2)
  2 kobolds (D:2)
  7 bats
  13 frilled lizards
  10 rats
59 creatures vanquished.

Notes
Turn   | Place    | Note
-------+----------+-------------------------------------------
     0 | D:1      | MrRokkomies the Ghoul Gladiator began the quest for the
                  | Orb.
     0 | D:1      | Reached XP level 1. HP: 17/17 MP: 0/0
   396 | D:1      | Reached XP level 2. HP: 25/25 MP: 1/1
   629 | D:1      | Reached XP level 3. HP: 30/30 MP: 2/2
  1201 | D:2      | Lost intelligence.
  1474 | D:2      | Found a runed translucent door.
  1475 | D:2      | Noticed Crazy Yiuf
  1495 | D:3      | Reached XP level 4. HP: 36/39 MP: 3/3
  1762 | D:3      | Found a sparkling altar of Nemelex Xobeh.
  1900 | D:3      | Slain by a gnoll

Levels and vault maps discovered:
D:1:      onia_arrival_handbag, layout_basic, hangedman_decor_diamond_cutter
D:2:      layout_rooms, serial_park_tiny_1, minmay_lizard_king,
          uniq_crazy_yiuf_cottage
D:3:      layout_loops_corners, nemelex_spade_bored_becter

Skill      XL: |  1  2  3  4 |
---------------+-------------+-----
Axes           | 3 4 |  4.0
Fighting       | 3 4 |  4.1
Throwing       | |  1.7
Dodging        | |  2.7

Action                   |  1- 3 |  4- 6 || total
-------------------------+-------+-------++-------
Melee: War axe           |   132 |    36 ||   168
  Use: Scroll            |     7 |     1 ||     8
       Potion            |       |     2 ||     2
 Stab: Invisible         |       |     1 ||     1
  Eat: Chunk             |     3 |     4 ||     7
Armor: Leather armour    |    71 |    19 ||    90
Dodge: Dodged            |   115 |    51 ||   166

Table legend:
 A = Non-vault XP
 B = Vault XP
 C = Vault XP percentage of total XP
 D = Non-vault monster count
 E = Vault monster count
 F = Vault count percentage of total count
                 A         B        C        D         E       F
            +---------+---------+-------+---------+---------+-------
      Total |     147 |      16 |   9.8 |      46 |      13 |  22.0
            +---------+---------+-------+---------+---------+-------
        D:1 |      39 |       5 |  11.4 |      18 |       4 |  18.2
        D:2 |      24 |      11 |  31.4 |      12 |       9 |  42.9
        D:3 |      84 |       0 |   0.0 |      16 |       0 |   0.0
            +---------+---------+-------+---------+---------+-------
